AoeStats
← Oldspice

African Clearing

503905323Analyzed
4v4 RM · 1mo ago on Sep 2, 2026· 46m 1s· 8 players
Game mode
Random Map
Map size
Large (8 player)
Population
200
Speed
Normal
Resources
Standard
Victory
Conquest
Starting age
Dark Age
Ending age
Imperial Age
RankedLock teamsTeams togetherTeam positionsShared explorationLock speedFull tech treeHidden civsTurbo modeCheats
Victory
Defeat
🇺🇸 Vietnamese · United States
1576
+13
🇺🇸 Franks · United States
1566
+13
🇺🇸 Armenians · United States
1564
+13
🇳🇱 Aztecs · Netherlands
1473
+19
🇪🇸 Sicilians · Spain
1541
-16
🇪🇸 Saracens · Spain
1537
-16
🇪🇸 Ethiopians · Spain
1524
-15
🇪🇸 Britons · Spain
1436
-11
Thomas Sankara
6:12 Loom
13:15 Feudal Age
17:29 Castle Age
17:13 Double-Bit Axe
18:49 Wheelbarrow
25:01 Town Watch
26:23 Horse Collar
26:58 Fletching
27:54 Bow Saw
28:23 Hand Cart
28:39 Bodkin Arrow
31:13 Ballistics
31:11 Heavy Plow
31:47 Padded Archer Armor
31:57 Husbandry
32:10 Bloodlines
32:48 Leather Archer Armor
32:57 Husbandry
33:50 Thumb Ring
40:38 Imperial Age
40:39 Heavy Cavalry Archer
41:45 Parthian Tactics
41:59 Conscription
41:54 Bracer
43:23 Ring Archer Armor
44:12 Chemistry
TdB.holland89
3:36 Loom
14:21 Feudal Age
15:33 Double-Bit Axe
15:33 Horse Collar
21:00 Castle Age
20:50 Town Watch
22:09 Bow Saw
22:16 Heavy Plow
28:22 Wheelbarrow
28:42 Gold Mining
31:19 Gold Shaft Mining
35:20 Imperial Age
33:07 Husbandry
33:07 Stone Mining
33:41 Bloodlines
34:01 Scale Barding Armor
35:08 Chain Barding Armor
35:00 Forging
35:31 Cavalier
36:55 Conscription
37:58 Plate Barding Armor
40:55 Padded Archer Armor
42:04 Hand Cart
43:54 Hauberk
TdB.Red Matador
3:31 Loom
12:33 Feudal Age
13:18 Town Watch
16:54 Wheelbarrow
16:51 Fletching
23:07 Castle Age
22:36 Double-Bit Axe
24:26 Scale Mail Armor
TdB.victor2.01
7:35 Loom
14:06 Feudal Age
17:59 Castle Age
18:54 Double-Bit Axe
26:53 Fletching
30:16 Ballistics
31:56 Bodkin Arrow
37:43 Wheelbarrow
41:09 Imperial Age
38:33 Town Watch
40:38 Yeomen
42:29 Conscription
42:24 Padded Archer Armor
42:24 Bracer
44:30 Chemistry
43:19 Elite Longbowman
44:35 Hoardings
44:43 Leather Archer Armor
ashleylynn
11:46 Loom
14:08 Feudal Age
14:44 Double-Bit Axe
21:51 Castle Age
23:37 Forging
23:58 Bow Saw
25:35 Town Watch
26:33 Scale Barding Armor
27:19 Stone Mining
28:13 Wheelbarrow
36:23 Imperial Age
34:53 Chain Barding Armor
35:10 Iron Casting
34:57 #83
35:43 Hand Cart
36:26 Fletching
36:50 Husbandry
36:36 Cavalier
37:52 Plate Barding Armor
39:54 Gold Mining
41:49 Blast Furnace
41:43 Gold Shaft Mining
41:57 Conscription
42:22 Town Patrol
42:00 Paladin
44:56 Bodkin Arrow
45:03 Chivalry
45:39 Hoardings
Oldspice
12:23 Feudal Age
12:08 Loom
13:08 Man-at-Arms
14:02 Arson
15:47 Forging
15:52 Long Swordsman
19:13 Scale Mail Armor
19:05 Horse Collar
21:48 Double-Bit Axe
24:49 Castle Age
26:33 Two-Handed Swordsman
28:30 Wheelbarrow
29:37 Gambesons
30:31 Chain Mail Armor
31:54 Iron Casting
31:25 Squires
32:30 Bow Saw
32:24 Town Watch
34:26 Fletching
38:08 Imperial Age
36:30 Bodkin Arrow
37:16 Padded Archer Armor
38:26 Elite Composite Bowman
39:15 Bracer
43:11 Chemistry
42:28 Leather Archer Armor
43:30 Conscription
44:09 Ballistics
45:30 Ring Archer Armor
Boomer
11:35 Feudal Age
9:50 Loom
12:15 Double-Bit Axe
13:12 Wheelbarrow
14:05 Horse Collar
19:07 Forging
24:00 Castle Age
23:05 Gold Mining
23:30 Bloodlines
24:57 Bow Saw
25:04 Fletching
26:02 Hand Cart
25:32 Town Watch
25:53 Bodkin Arrow
25:59 Padded Archer Armor
26:37 Heavy Plow
30:17 Ballistics
30:38 Leather Archer Armor
30:27 Husbandry
31:53 Thumb Ring
35:12 Stone Mining
38:53 Imperial Age
38:40 Town Patrol
39:02 Heavy Cavalry Archer
39:50 Bracer
40:53 Chemistry
40:59 Ring Archer Armor
39:51 Elite Skirmisher
40:31 Imperial Skirmisher
41:36 Paper Money
41:50 Scale Barding Armor
42:33 Coinage
42:52 Iron Casting
44:34 Siege Engineers
44:25 Murder Holes
44:11 Treadmill Crane
46:15 Chain Barding Armor
45:49 Elite Battle Elephant
jpresent
10:20 Loom
12:28 Feudal Age
14:09 Double-Bit Axe
14:51 Fletching
16:32 Padded Archer Armor
17:50 Horse Collar
23:20 Castle Age
22:08 Gold Mining
23:29 Crossbowman
24:12 Bodkin Arrow
26:47 Ballistics
28:33 Wheelbarrow
27:51 Town Watch
29:20 Leather Archer Armor
29:06 Stone Mining
32:38 Hand Cart
34:59 Gold Shaft Mining
35:03 Stone Shaft Mining
39:15 Imperial Age
39:21 Eagle Warrior
39:47 Gambesons
40:02 Squires
39:48 Arson
41:05 Coinage
41:02 Conscription
40:50 Scale Mail Armor
41:00 Forging
41:02 Heavy Plow
42:23 Garland Wars
42:48 Bow Saw
43:16 Chain Mail Armor
43:04 Elite Eagle Warrior
44:35 Plate Mail Armor
44:20 Forging
46:54 Iron Casting
Connection lost

Rejoining the realm…

Still unreachable

The connection could not be restored.

Session expired

The server has moved on; the page needs a fresh start.